AoeStats
← Your Mom

African Clearing

506901266Analyzed
4v4 RM · 17d ago on Sep 15, 2026· 69m 45s· 8 players
Game mode
Random Map
Map size
Large (8 player)
Population
200
Speed
Normal
Resources
Standard
Victory
Conquest
Starting age
Dark Age
Ending age
Imperial Age
RankedLock teamsTeams togetherTeam positionsShared explorationLock speedFull tech treeHidden civsTurbo modeCheats
Victory
Defeat
🇩🇪 Franks · Germany
867
+13
🇸🇮 Khmer · Slovenia
827
+15
🇨🇦 Khmer · Canada
764
+17
703
+19
🇩🇪 Burgundians · Germany
821
-17
🇫🇷 Mongols · France
793
-16
🇷🇺 Khitans · Russia
784
-16
🇬🇧 Celts · United Kingdom
775
-15
Bummo
12:05 Loom
14:06 Feudal Age
16:13 Wheelbarrow
17:12 Double-Bit Axe
20:03 Scale Mail Armor
20:47 Town Watch
27:41 Castle Age
25:58 Horse Collar
27:12 Forging
27:52 Fletching
29:03 Chain Mail Armor
28:12 Pikeman
28:59 Heavy Plow
29:43 Caravan
29:32 Gambesons
31:45 Hand Cart
31:34 Gold Mining
36:32 Town Patrol
38:10 Iron Casting
38:53 Fortified Wall
41:51 Imperial Age
39:15 Treadmill Crane
41:26 Masonry
43:23 Plate Mail Armor
51:57 Halberdier
55:37 Onager
TireurFou
13:47 Feudal Age
14:55 Double-Bit Axe
14:54 Horse Collar
Light
4:47 Loom
15:47 Feudal Age
16:20 Town Watch
17:04 Double-Bit Axe
21:02 Forging
21:00 Scale Barding Armor
Haudinida
3:31 Loom
14:03 Feudal Age
12:32 Double-Bit Axe
13:21 Horse Collar
15:14 Bow Saw
16:16 Wheelbarrow
19:58 Town Watch
21:32 Gold Mining
24:41 Castle Age
23:47 Heavy Plow
24:14 Stone Mining
25:01 Gold Shaft Mining
27:06 Hand Cart
26:52 Fletching
28:40 Bodkin Arrow
34:16 Imperial Age
33:01 Crop Rotation
33:19 Stone Shaft Mining
32:29 Treadmill Crane
33:00 Masonry
33:55 Murder Holes
35:15 Two-Man Saw
34:04 Elite Skirmisher
34:08 Pikeman
34:34 Arson
35:01 Scale Mail Armor
35:21 Forging
36:38 Conscription
36:23 Padded Archer Armor
38:41 Hoardings
38:11 Squires
38:51 Iron Casting
38:31 Chain Mail Armor
41:04 Chemistry
40:28 Ballistics
40:50 Halberdier
43:15 Burgundian Vineyards
sestan.milanmilan
17:36 Feudal Age
18:54 Wheelbarrow
18:06 Double-Bit Axe
21:56 Gold Mining
21:57 Stone Mining
23:23 Town Watch
27:01 Castle Age
28:22 Hand Cart
30:35 Gold Shaft Mining
30:53 Stone Shaft Mining
36:33 Imperial Age
36:36 Cavalier
38:26 Bow Saw
61:44 Spies/Treason
Raven ( ͡⚆ ͜ʖ ͡⚆)
18:36 Feudal Age
20:40 Bloodlines
33:53 Castle Age
32:17 Double-Bit Axe
32:16 Horse Collar
32:32 Stone Mining
32:33 Gold Mining
34:25 Scale Barding Armor
34:31 Forging
36:13 Wheelbarrow
35:23 Loom
37:58 Husbandry
37:18 Light Cavalry
42:13 Stone Shaft Mining
41:58 Bow Saw
44:52 Heavy Plow
45:55 Hand Cart
45:26 Town Watch
48:40 Inquisition
55:28 Imperial Age
56:47 Chain Barding Armor
57:03 Iron Casting
56:55 Conscription
58:33 Caravan
59:03 Coinage
58:45 Guilds
58:40 Town Patrol
59:45 Two-Man Saw
59:28 Plate Barding Armor
59:54 Blast Furnace
59:09 Elite Conquistador
66:56 Banking
66:30 Padded Archer Armor
66:20 Fletching
66:31 Scale Mail Armor
66:59 Supremacy
66:04 Spies/Treason
66:14 Sappers
67:20 Hoardings
Your Mom
5:31 Loom
14:26 Feudal Age
14:58 Double-Bit Axe
15:06 Gold Mining
16:25 Stone Mining
22:09 Man-at-Arms
25:02 Forging
24:58 Scale Barding Armor
28:09 Wheelbarrow
31:25 Castle Age
33:20 Bow Saw
33:18 Husbandry
33:54 Chain Barding Armor
35:21 Iron Casting
39:38 Ballistics
41:25 Gold Shaft Mining
48:56 Imperial Age
46:47 Hand Cart
48:42 Squires
48:03 Pikeman
49:08 Masonry
49:36 #83
49:04 Capped Ram
49:09 Cavalier
50:26 Plate Barding Armor
52:26 Paladin
53:17 Siege Engineers
54:11 Long Swordsman
56:22 Blast Furnace
55:23 Scale Mail Armor
55:15 Fletching
55:49 Conscription
55:33 Two-Handed Swordsman
57:35 Champion
57:36 Halberdier
57:44 Halberdier
58:10 Gambesons
The_Lumberjack
14:24 Feudal Age
15:52 Town Watch
18:39 Man-at-Arms
29:34 Castle Age
28:17 Double-Bit Axe
28:32 Horse Collar
31:45 Pikeman
31:46 Long Swordsman
33:35 Bow Saw
34:38 Heavy Plow
39:33 Wheelbarrow
39:14 Caravan
39:18 Gold Mining
39:18 Stone Mining
40:40 Gold Shaft Mining
43:23 Imperial Age
42:02 Hand Cart
41:49 Town Patrol
43:47 Halberdier
45:13 Stone Shaft Mining
44:13 Heavy Scorpion
44:29 Capped Ram
46:36 Padded Archer Armor
46:26 Fletching
46:37 Scale Mail Armor
46:48 Forging
46:44 Scale Barding Armor
47:42 Chemistry
46:40 Siege Ram
49:57 Double Crossbow
50:17 Conscription
49:59 Tusk Swords
50:20 Bodkin Arrow
50:47 Chain Barding Armor
51:02 Iron Casting
50:43 Chain Mail Armor
50:05 Light Cavalry
51:58 Hussar
52:49 Bloodlines
52:39 Husbandry
59:50 Elite Ballista Elephant
62:27 Spies/Treason
Connection lost

Rejoining the realm…

Still unreachable

The connection could not be restored.

Session expired

The server has moved on; the page needs a fresh start.